 Dungeon Crawl Stone Soup version 0.29.1-13-g9f3cf754e1 (webtiles) character file.

Game seed: 5237721589331891297

14 shadowmeld the Ducker (level 2, -3/25 HPs)
             Began as a Djinni Monk on Jan 28, 2023.
             Slain by Jessica
             ... wielding a +0 dagger
              (5 damage)
             ... on level 2 of the Dungeon on Jan 29, 2023.
             The game lasted 00:05:06 (783 turns).

shadowmeld the Ducker (Djinni Monk)                  Turns: 783, Time: 00:05:07

Health: -3/25      AC:  0    Str: 10    XL:     2   Next: 55%
Gold:   45         EV: 15    Int: 11    God:
                   SH:  0    Dex: 15

rFire   . . .      SeeInvis .     - Unarmed
rCold   . . .      Faith    .   (shield currently unavailable)
rNeg    . . .      Spirit   .   (body armour currently unavailable)
rPois   ∞          Reflect  .   (helmet currently unavailable)
rElec   .          Harm     .   (cloak currently unavailable)
rCorr   .          Rampage  .   (gloves currently unavailable)
Will    .....                   (boots unavailable)
Stlth   ++........              (no amulet)
HPRegen 0.08/turn               (ring currently unavailable)
MPRegen 0.00/turn               (ring currently unavailable)

@: pig-form (expiring), flying, very quick
A: fast, flying, no casting, sickness immunity, small, (fire resistance 2),
(cold vulnerability 1), float, innate caster, HP casting, extra vitality 1
a: no special abilities


You were on level 2 of the Dungeon.
You were a filthy swine.
You visited 1 branch of the dungeon, and saw 2 of its levels.

You collected 45 gold pieces.

Inventory:

Missiles
 e - 2 throwing nets (quivered)
 i - 2 poisoned darts
Armour
 f - a +0 leather armour (melded)
Scrolls
 c - 3 scrolls of teleportation
 g - a scroll of identify {unknown}
Potions
 a - 2 potions of flight {unknown}
 d - a potion of berserk rage {unknown}
 h - 2 potions of mutation {unknown}
 j - a potion of brilliance {unknown}
 k - a potion of heal wounds {unknown}


   Skills:
 * Level 3.1 Fighting
 * Level 0.2 Armour
 * Level 3.4 Dodging
 - Level 1.5 Stealth
 * Level 3.3 Unarmed Combat
 * Level 0.1 Spellcasting


You had one spell level left.
You didn't know any spells.
Your spell library was empty.

Dungeon Overview and Level Annotations

Branches:
Dungeon (2/15)

Altars:

Annotations:
D:2 Jessica


Innate Abilities, Weirdness & Mutations

You are a filthy swine.
You move quickly.
You are flying.
Your equipment is almost entirely melded.
You are incapable of wielding weapons or throwing items.
You cannot cast spells.
You are immune to sickness and miasma.
You are immune to poison.
((Your flesh is very heat resistant. (rF++)))
((You are vulnerable to cold. (rC-)))
You float through the air rather than walking.
You learn spells naturally, not from books.
Your magical power is your life essence.
You have superior vitality. (+4 MHP)


Message History

There is an open door here.
Jessica zaps a wand.
You resist with significant effort.
Jessica zaps a wand.
You turn into a filthy swine.
Your +0 leather armour melds into your body.
Jessica gestures wildly.
Jessica barely misses you.
A goblin opens the door.
There is an open door here.
Jessica says, "Why did you come here?" Jessica barely misses you.
There is an open door here.
Jessica hits you with a +0 dagger.
You hit Jessica.
Jessica is lightly wounded.
Jessica casts a spell at you. Pain shoots through your body!
* * * LOW HITPOINT WARNING * * *
You are confused.
You feel invigorated. Jessica closely misses you.
You feel less invigorated.
You feel less confused.
Jessica casts a spell.
Jessica seems to speed up.
Jessica mumbles some strange words.
Jessica blinks!
The goblin closely misses you.
You miss the goblin. The goblin barely misses you.
Jessica gestures at you while chanting. Pain shoots through your body!
You hit the goblin.
The goblin is heavily wounded.
Your transformation is almost over.
Jessica closely misses you. The goblin hits you with a +0 club.
You closely miss the goblin.
The goblin is heavily wounded.
Jessica closely misses you. The goblin hits you with a +0 club.
* * * LOW HITPOINT WARNING * * *
Jessica hits you with a +0 dagger.
* * * LOW HITPOINT WARNING * * *
Jessica hits you with a +0 dagger.
You die...

#######
#.....#
#.....#
#.>...#
#.....#
#....^#
#.....######
#..@..#....###
+.hg..'....'.#
#.....#....#.#
#######....#
#....# #....#
######


You could see Jessica (fast) and a goblin.

Vanquished Creatures
  2 ball pythons (D:1)
  2 bats
  2 endoplasms
  A hobgoblin (D:2)
  3 kobolds
  A rat (D:2)
11 creatures vanquished.

Notes
Turn   | Place    | Note
-------+----------+-------------------------------------------
     0 | D:1      | shadowmeld the Djinni Monk began the quest for the Orb.
     0 | D:1      | Reached XP level 1. HP: 20/20 MP: 0/0
   609 | D:1      | Reached XP level 2. HP: 21/25 MP: 0/0
   759 | D:2      | Noticed Jessica
   783 | D:2      | Slain by Jessica

Illustrated notes

Levels and vault maps discovered:
D:1:      amcnicky_arrival_blooded_trapdoor, layout_loops_ring
D:2:      layout_basic, shapermc_ecumenical_altar_acropolis, uniq_jessica

Action                   || total
-------------------------++-------
Melee: Unarmed           ||    41
  Use: Scroll            ||     1
       Potion            ||     1
 Stab: Sleeping          ||     3
Armor: Leather armour    ||    12
Dodge: Dodged            ||    28
